 Dungeon Crawl Stone Soup version 0.25-a0-697-g890751e744 (webtiles) character file.

Game seed: 3150973843658529894, levelgen mode: deterministic

1792 DasRunzen the Conjurer (level 8, -4/68 HPs)
             Began as a Demigod Conjurer on Apr 1, 2020.
             Shot with an arrow by something (11 damage)
             ... on level 6 of the Dungeon.
             The game lasted 00:16:18 (5512 turns).

DasRunzen the Conjurer (Demigod Conjurer)           Turns: 5512, Time: 00:16:19

Health: -4/68      AC:  7    Str: 17    XL:     8   Next: 53%
Magic:  19/19      EV: 17    Int: 23    God:
Gold:   311        SH:  0    Dex: 22    Spells: 14/17 levels left

rFire    . . .     SeeInvis .   t - +3 dagger (flame)
rCold    . . .     Gourm    .   (no shield)
rNeg     . . .     Faith    .   a - +0 robe
rPois    .         Spirit   .   i - +2 helmet
rElec    .         Reflect  .   g - +0 cloak
rCorr    .         Harm     .   (no gloves)
MR       .....                  l - +0 pair of boots
Stlth    ++........             (no amulet)
HPRegen  0.21/turn              m - +6 ring of strength
MPRegen  0.16/turn              q - +6 ring of dexterity

@: hasted, very quick
A: high mp 1
a: no special abilities


You were on level 6 of the Dungeon.
You were not hungry.

You visited 1 branch of the dungeon, and saw 6 of its levels.

You collected 311 gold pieces.

Inventory:

Hand Weapons
 t - a +3 dagger of flaming (weapon)
Armour
 a - a +0 robe (worn)
 g - a +0 cloak (worn)
 i - a +2 helmet (worn)
 l - a +0 pair of boots (worn)
Jewellery
 m - a +6 ring of strength (left hand)
 q - a +6 ring of dexterity (right hand)
Scrolls
 d - 5 scrolls of identify
 e - a scroll of fear
 h - 2 scrolls of teleportation
 j - 2 scrolls of amnesia
 o - a scroll of fog
 s - 2 scrolls of remove curse
Potions
 f - a potion of magic
 n - 3 potions of flight
 p - a potion of might {unknown}
 r - 2 potions of curing
 v - a potion of lignification {unknown}
Comestibles
 b - 3 chunks of flesh
 c - 9 rations


   Skills:
 + Level 5.0 Fighting
 + Level 5.4 Dodging
 - Level 1.7 Stealth
 + Level 5.0 Spellcasting
 + Level 6.4 Conjurations


You had 14 spell levels left.
You knew the following spells:

 Your Spells              Type           Power        Failure   Level  Hunger
a - Magic Dart            Conj           ####         1%          1    None
b - Searing Ray           Conj           #####.       1%          2    None

Your spell library contained the following spells:

 Spells                   Type           Power        Failure   Level  Hunger
 Dazzling Flash           Conj/Hex       ###...       8%          3    ##.....
 Fulminant Prism          Conj/Hex       ###.......   26%         4    ####...
 Iskenderun's Mystic Bla  Conj/Tloc      ###.....     26%         4    ####...


Dungeon Overview and Level Annotations

Branches:
Dungeon (6/15)
 Temple: D:4-7


Innate Abilities, Weirdness & Mutations

You have an increased reservoir of magic. (+10% MP)


Message History

You see here an arrow.
An arrow appears from out of thin air!
The arrow hits you!
An arrow appears from out of thin air!
The arrow hits you!
* * * LOW HITPOINT WARNING * * *
You see here an arrow.
You feel sick.
You feel sick.
You are no longer poisoned.
You hear a twanging sound.
An arrow appears from out of thin air!
The arrow hits you.
* * * LOW HITPOINT WARNING * * *
You see here an arrow.
You hear a twanging sound.
An arrow appears from out of thin air!
The arrow hits you.
* * * LOW HITPOINT WARNING * * *
You see here an arrow.
It was a potion of haste.
You feel yourself speed up.
You hear a twanging sound.
An arrow appears from out of thin air!
The arrow hits you!
You die...

#.........# #.........#
#####.........###################
.................)...............
###...........###################
#.#.........# *,,,,*
#.#.........# *,,,,*
###.......###.##########***,,,.##
..............(.@.......,,,,,,...
..........###.##########***,,,.##
..........###.# *,,,,*
o.........#...# *,,,,*
..........#{### *,,,,*#
..........#...# *,,,,,.
.o..#########.# **,,,,*#
##.##****** #.###### *,,,,,*
##.#*,,,,,* #......# *,,,,**


There were no monsters in sight!

Vanquished Creatures
  An ice beast (D:5)
  2 orc warriors (D:6)
  A sky beast (D:5)
  3 ogres
  2 centaurs
  3 bullfrogs (D:6)
  A scorpion (D:4)
  A howler monkey (D:5)
  A bullfrog zombie (D:6)
  2 jellies (D:4)
  4 orc wizards
  3 orc priests
  A hound (D:5)
  3 worker ants
  9 adders
  3 gnolls
  A shadow imp (D:5)
  12 oozes
  An adder skeleton (D:5)
  5 worms
  2 dart slugs
  5 leopard geckos
  21 orcs
  7 giant cockroaches
  9 goblins
  9 hobgoblins
  2 jackals (D:6)
  22 kobolds
  3 quokkas
  4 ball pythons
  5 bats
  3 frilled lizards
  A jackal zombie (D:5)
  A leopard gecko zombie (D:5)
  2 quokka skeletons
  11 rats
166 creatures vanquished.

Vanquished Creatures (others)
  2 fungi (D:4)
  5 toadstools (D:4)
7 creatures vanquished.

Grand Total: 173 creatures vanquished

Notes
Turn   | Place    | Note
-------+----------+-------------------------------------------
     0 | D:1      | DasRunzen the Demigod Conjurer began the quest for the Orb.
     0 | D:1      | Reached XP level 1. HP: 14/14 MP: 5/5
   160 | D:1      | Reached XP level 2. HP: 16/22 MP: 2/7
   461 | D:1      | Reached skill level 1 in Fighting
   465 | D:1      | Learned a level 2 spell: Searing Ray
   679 | D:1      | Reached XP level 3. HP: 28/28 MP: 3/8
  1061 | D:2      | Reached skill level 4 in Conjurations
  1361 | D:2      | Reached XP level 4. HP: 35/35 MP: 4/10
  2308 | D:2      | Reached XP level 5. HP: 6/41 MP: 2/12
  3022 | D:3      | Reached XP level 6. HP: 50/50 MP: 3/13
  3272 | D:3      | Found an ancient bone altar of Kikubaaqudgha,
  3651 | D:4      | Reached skill level 5 in Conjurations
  3755 | D:4      | Reached XP level 7. HP: 27/57 MP: 11/15
  4368 | D:5      | Entered Level 5 of the Dungeon
  4659 | D:5      | Reached XP level 8. HP: 27/66 MP: 5/18
  5000 | D:6      | Reached skill level 6 in Conjurations
  5049 | D:6      | Reached skill level 5 in Dodging
  5476 | D:6      | Reached skill level 5 in Fighting
  5476 | D:6      | Reached skill level 5 in Spellcasting
  5512 | D:6      | Shot with an arrow by something

Levels and vault maps discovered:
D:1:      zaba_arrival_water, layout_basic, hex_medium
D:2:      layout_loops_cross, first_ration, minmay_misc_feat_nine_boxes,
          minivault_4
D:3:      layout_rooms, kiku_gazebo_pond_becter
D:4:      cheibrodos_fertilizer, layout_gridville
D:5:      layout_cave_pools
D:6:      layout_basic

Skill      XL: |  1  2  3  4  5  6  7  8 |
---------------+-------------------------+-----
Dodging        | 2 3 4 5 |  5.4
Spellcasting   | 2 3 4 5 |  5.0
Fighting       | 1 2 3 4 5 |  5.0
Conjurations   | 4 5 6 |  6.4
Stealth        | |  1.7

Action                   |  1- 3 |  4- 6 |  7- 9 || total
-------------------------+-------+-------+-------++-------
Melee: Dagger            |    54 |    37 |    21 ||   112
 Cast: Magic Dart        |    84 |   140 |    66 ||   290
       Searing Ray       |     1 |    10 |    24 ||    35
  Use: Scroll            |     4 |     3 |     9 ||    16
       Potion            |       |       |     1 ||     1
 Stab: Sleeping          |       |     1 |       ||     1
  Eat: Chunk             |     1 |     7 |     7 ||    15
Armor: Robe              |    11 |    24 |    15 ||    50
Dodge: Dodged            |    48 |    76 |    44 ||   168

Table legend:
 A = Non-vault XP
 B = Vault XP
 C = Vault XP percentage of total XP
 D = Non-vault monster count
 E = Vault monster count
 F = Vault count percentage of total count
                 A         B        C        D         E       F
            +---------+---------+-------+---------+---------+-------
      Total |    2412 |     149 |   5.8 |     149 |      17 |  10.2
            +---------+---------+-------+---------+---------+-------
        D:1 |      52 |       0 |   0.0 |      25 |       0 |   0.0
        D:2 |     149 |       0 |   0.0 |      37 |       0 |   0.0
        D:3 |     310 |       0 |   0.0 |      34 |       0 |   0.0
        D:4 |     528 |     149 |  22.0 |      17 |      17 |  50.0
        D:5 |     690 |       0 |   0.0 |      17 |       0 |   0.0
        D:6 |     683 |       0 |   0.0 |      19 |       0 |   0.0
            +---------+---------+-------+---------+---------+-------
